 Dungeon Crawl Stone Soup version 0.21-a0-95-g06f091e (webtiles) character file.

163048 HAL9000 the Unseen (level 17, -10/90 HPs)
             Began as a Vine Stalker Assassin on July 4, 2017.
             Was the Champion of Dithmenos.
             Shot with an arrow by a satyr (18 damage)
             ... on level 3 of the Shoals.
             The game lasted 02:35:36 (35028 turns).

HAL9000 the Unseen (Vine Stalker Assassin)         Turns: 35028, Time: 02:35:39

Health: -10/90     AC: 20    Str: 24    XL:     17   Next: 82%
Magic:  0/25       EV: 13    Int: 18    God:    Dithmenos [******]
Gold:   2035       SH:  7    Dex: 18    Spells: 23/26 levels left

rFire    + . .     SeeInvis .   M - +2 rapier (drain)
rCold    + . .     Gourm    .   A - +2 buckler
rNeg     . . .     Faith    .   e - +1 shadow dragon scales
rPois    .         Spirit   +   V - +1 hat
rElec    .         Reflect  .   Y - scarf {rC+ rF+}
rCorr    .         Harm     .   F - +1 pair of gloves
MR       ++...                  U - +0 pair of boots
Stlth    ++++++++++             w - amulet of regeneration
HPRegen  2.45/turn              y - +6 ring of intelligence
MPRegen  0.19/turn              O - +6 ring of strength

@: afraid, regenerating, slowed, wreathed by umbra, very slow
A: fangs 3, regeneration 2, magic shield, antimagic bite, no potion heal 3, rot
immunity
a: Shadow Step, Shadow Form, Renounce Religion


You were on level 3 of the Shoals.
You worshipped Dithmenos.
Dithmenos was exalted by your worship.
You were near starving.

You visited 5 branches of the dungeon, and saw 27 of its levels.
You visited the Abyss 1 time.
You visited 1 bazaar.

You collected 3095 gold pieces.
You spent 1060 gold pieces at shops.

Inventory:

Hand Weapons
 l - a +0 quick blade
 M - a +2 rapier of draining (weapon)
Missiles
 s - 5 throwing nets
 I - 8 javelins of returning
 Q - 19 poisoned javelins
 Z - 18 javelins (quivered)
Armour
 e - +1 shadow dragon scales (worn)
 A - a +2 buckler (worn)
 F - a +1 pair of gloves (worn)
 U - a +0 pair of boots (worn)
 V - a +1 hat (worn)
 Y - a scarf of resistance (worn)
Jewellery
 w - an amulet of regeneration (around neck)
 y - a +6 ring of intelligence (left hand)
 O - a +6 ring of strength (right hand)
 X - an uncursed ring of flight
Wands
 u - a wand of iceblast (2/15)
 W - a wand of lightning (13/15)
Scrolls
 h - 17 scrolls of remove curse
 n - 6 scrolls of fog
 o - 5 scrolls of blinking
 v - 6 scrolls of magic mapping
 B - a scroll of holy word {unknown}
 G - 11 scrolls of identify
 N - 2 scrolls of amnesia
 P - a scroll of teleportation
 R - 2 scrolls of summoning
 S - a scroll of enchant armour
Potions
 i - 3 potions of curing
 k - 4 potions of flight
 r - a potion of ambrosia
 x - a potion of resistance
 C - 2 potions of might
 D - 2 potions of brilliance
 E - a potion of haste
 H - 3 potions of cancellation
 K - 2 potions of invisibility
 L - 2 potions of agility
 T - 2 potions of magic
Miscellaneous
 a - a box of beasts
 f - a phantom mirror
 q - a fan of gales
Comestibles
 g - 20 bread rations
 p - 12 fruits
 J - 13 royal jellies


   Skills:
 + Level 10.7 Fighting
 - Level 14.3 Short Blades
 + Level 6.9 Throwing
 + Level 10.4 Armour
 - Level 6.6 Dodging
 + Level 16.3 Stealth
 - Level 4.0 Shields
 - Level 5.0 Spellcasting
 - Level 10.6 Charms
 - Level 8.2 Evocations


You had 23 spell levels left.
You knew the following spells:

 Your Spells              Type           Power        Failure   Level  Hunger
R - Regeneration          Chrm/Necr      ###.......   22%         3    ##.....


Dungeon Overview and Level Annotations

Branches:
Dungeon (15/15)            Temple (1/1) D:6            Lair (6/6) D:11
 Shoals (3/4) Lair:4       Spider (0/4) Lair:2        Slime (0/5) Lair:5
    Orc (2/2) D:11            Elf (0/3) Orc:2        Vaults (0/5) D:14
 Depths (0/5) D:15

Altars:
Ashenzari
Cheibriados
Dithmenos
Elyvilon
Fedhas
Gozag
Hepliaklqana
Kikubaaqudgha
Makhleb
Nemelex Xobeh
Okawaru
Qazlal
Ru
Sif Muna
Trog
Uskayaw
Vehumet
Wu Jian
Xom
Yredelemnul
Zin
The Shining One
Beogh
Jiyva

Shops:
D:8 *   D:10 [(   D:15 (   Orc:2 (*[!

Annotations:
D:10 exclusions: oklob plant and oklob sapling
D:11 exclusion: orange crystal statue


Innate Abilities, Weirdness & Mutations

You have razor-sharp teeth.
You heal very quickly.
When hurt, damage is shared between your health and your magic reserves.
Your bite disrupts and absorbs the magic of your enemies.
Potions cannot restore your health.
You are immune to rotting.


Message History

As you read the scroll of summoning, it crumbles to dust.
Wisps of shadow whirl around you... You block the merfolk siren's attack.
The satyr shoots an arrow.
The arrow hits you!!
* * * LOW HITPOINT WARNING * * *
Unknown command.
Unknown command.
Press: ? - help, v - describe, . - travel, g - get item
Here: a merfolk siren, wielding a spear (mesmerising, umbra) 2 stones.
There is something else lying underneath.
The floor, spattered with blood.
Okay, then.
Unknown command.
As you read the scroll of fear, it crumbles to dust.
You assume a fearsome visage.
The faun looks frightened!
The merfolk siren looks frightened!
The faun looks frightened!
The satyr resists with some effort.
The merfolk siren stops singing.
You are no longer entranced.
The satyr shoots an arrow.
The arrow hits you!!
You die...

≈...........##......≈≈≈≈≈≈≈≈≈≈≈≈
≈...###≈≈≈(###.≈≈....≈≈≈≈≈≈≈≈≈.#.
≈..%###.)(..##.≈.....≈≈≈≈≈≈≈≈≈##.
≈........(.....≈).≈......≈≈≈≈≈...
≈...≈....(.......###.....≈≈≈≈≈≈.≈
≈≈≈≈≈............###.≈....≈≈≈≈≈≈≈
..≈≈≈..>≈≈≈.)....m#...≈....)≈≈≈≈.
...≈≈≈≈.≈≈cc§#c)m.m...≈≈≈.))≈(<..
...≈≈≈≈≈≈≈§§§##)@(..≈..≈≈≈≈≈≈≈≈..
..≈≈≈≈≈≈≈≈≈..((....((..≈≈..≈≈≈≈≈.
≈.≈≈≈≈.≈≈≈≈.cm..(c)((≈.≈..≈≈≈≈≈≈≈
≈≈≈≈≈≈≈≈≈≈≈c≈≈≈)(.(((...≈≈≈≈≈≈≈
≈≈≈≈≈≈≈≈≈≈≈≈≈..(..###..≈≈≈≈≈
≈≈≈≈≈≈≈≈≈≈≈≈≈≈..(.# ####.≈≈≈
≈≈≈≈≈≈≈≈≈≈≈≈≈≈....######>.≈≈
≈≈≈≈≈≈≈≈≈≈≈≈≈≈≈........###.≈
≈≈≈≈≈≈≈≈≈≈≈≈≈≈≈.......##.≈≈


You could see a satyr, 2 fauns, a merfolk siren (fleeing), 2 friendly merfolk, a
friendly faun and a friendly merfolk siren.

Vanquished Creatures
  Saint Roka (Orc:2)
  A lich (Abyss:3)
  Gastronok (Lair:1)
  Polyphemus (Shoals:2)
  2 tentacled starspawn (Abyss:3)
  Kirke (Shoals:2)
  Ilsuiw (Shoals:3)
  A frost giant (D:13)
  An orc warlord (Orc:1)
  Louise (D:14)
  Nessos (D:14)
  2 merfolk javelineers (Shoals:1)
  Snorg (D:14)
  4 merfolk impalers
  A fire dragon (D:14)
  A yaktaur captain (D:15)
  Erolcha (D:11)
  4 merfolk avatars
  5 hydras
  An ice dragon (D:14)
  2 catoblepae
  8 centaur warriors
  2 alligator snapping turtles
  5 merfolk aquamancers
  An ogre mage (D:13)
  A satyr (Shoals:1)
  8 two-headed ogres
  6 death yaks
  A tengu warrior (D:15)
  Urug (Orc:1)
  2 orc high priests
  A deep troll shaman (Lair:6)
  10 sea snakes
  3 unseen horrors
  A deep troll (D:14)
  17 harpies
  27 fauns
  2 orc knights (Orc:1)
  A wolf spider zombie (D:15)
  An orb spider (Lair:2)
  2 oklob plants
  10 cyclopes
  7 orc sorcerers
  7 manticores
  2 deep elf magi
  7 elephants
  12 ugly things
  Maurice (D:9)
  3 black mambas
  4 centaur zombies
  10 merfolk sirens
  7 centaur skeletons
  A torpor snail (Lair:5)
  3 water nymphs (Shoals:1)
  3 gargoyles
  9 spiny frogs
  2 kobold demonologists (D:13)
  A rime drake (Lair:2)
  8 komodo dragons
  A yaktaur (D:15)
  A tengu conjurer (D:14)
  28 merfolk
  4 wind drakes
  A polar bear (Lair:6)
  11 trolls
  15 blink frogs
  A hornet (D:10)
  Grinder (D:5)
  A raiju (Abyss:3)
  8 dream sheep
  3 snapping turtles
  12 hippogriffs
  A fire dragon zombie (Abyss:3)
  A slime creature (Abyss:3)
  Sigmund (D:4)
  5 water elementals
  A meliai zombie (D:13)
  7 shadows
  2 hogs
  3 wyverns
  3 fire bats (Lair:4)
  The ghost of Charly the Ruffian, an amateur CeMo of Wu Jian (D:8)
  3 basilisks
  A neqoxec (Abyss:3)
  28 yaks
  2 hungry ghosts
  A basilisk (shapeshifter) (D:15)
  3 wargs
  A redback simulacrum (D:15)
  3 acid dragons
  6 vampire mosquitoes
  Edmund (D:4)
  A soldier ant (D:13)
  Duvessa (D:4)
  2 large abominations (Abyss:3)
  16 water moccasins
  A hell hound (Abyss:3)
  10 porcupines
  4 phantoms
  42 orc warriors
  5 sky beasts
  3 eyes of draining
  7 boggarts
  3 ice beasts
  2 necrophages
  11 ogres
  11 wolves (Lair:6)
  17 centaurs
  10 crocodiles
  Blork the orc (D:5)
  5 big kobolds
  2 small abominations (Abyss:3)
  23 bullfrogs
  A wyvern zombie (D:11)
  Dowan (D:4)
  A wyvern skeleton (D:14)
  4 scorpions
  9 killer bees
  11 wights
  5 electric eels
  2 howler monkeys
  5 crimson imps
  A quasit (D:6)
  A bullfrog zombie (D:12)
  A human zombie (D:7)
  40 orc priests
  3 jellies
  3 bullfrog skeletons
  3 hounds
  Jessica (D:2)
  4 hell rats (Lair:5)
  3 iguanas
  48 orc wizards
  4 worker ants
  Terence (D:2)
  The ghost of 4thArraOfDagon the Ducker, a weakling FeCK of Xom (D:3)
  3 worker ant zombies
  A howler monkey zombie (D:7)
  6 gnolls
  18 adders
  9 shadow imps
  An ufetubus (Abyss:3)
  An adder skeleton (D:4)
  4 worms
  A dart slug (D:3)
  80 orcs
  8 ball pythons
  3 giant cockroaches
  12 hobgoblins
  6 jackals
  37 kobolds
  7 quokkas
  8 bats
  7 frilled lizards
  9 goblins
  A goblin skeleton (D:7)
  A goblin zombie (D:7)
  A jackal zombie (D:7)
  8 rats
  4 plants
  5 starspawn tentacles (Abyss:3)
963 creatures vanquished.

Vanquished Creatures (others)
  An orc wizard (Orc:1)
  2 jackals (D:7)
  10 fungi
  30 plants
  3 starspawn tentacles (Abyss:3)
46 creatures vanquished.

Grand Total: 1009 creatures vanquished

Notes
Turn   | Place    | Note
-------+----------+-------------------------------------------
     0 | D:1      | HAL9000 the Vine Stalker Assassin began the quest for the Orb.
     0 | D:1      | Reached XP level 1. HP: 11/11 MP: 2/2
   149 | D:1      | Reached XP level 2. HP: 14/15 MP: 3/3
   716 | D:2      | Reached XP level 3. HP: 12/18 MP: 2/4
   781 | D:2      | Noticed Terence
   803 | D:2      | Killed Terence
  1044 | D:2      | Gained mutation: Your natural rate of healing is unusually fast. [Vine Stalker growth]
  1044 | D:2      | Reached XP level 4. HP: 23/23 MP: 5/5
  1232 | D:2      | Noticed Jessica
  1252 | D:2      | Killed Jessica
  1567 | D:2      | Reached XP level 5. HP: 19/26 MP: 6/6
  1650 | D:2      | Found a deep blue altar of Sif Muna.
  2332 | D:3      | Found an iron altar of Okawaru.
  2455 | D:3      | Noticed 4thArraOfDagon's ghost (weakling FeCK)
  2547 | D:2      | Reached skill level 5 in Short Blades
  2681 | D:3      | Killed 4thArraOfDagon's ghost
  3044 | D:3      | Reached XP level 6. HP: 30/30 MP: 7/7
  3536 | D:4      | Noticed Duvessa
  3536 | D:4      | Noticed Dowan
  3571 | D:4      | Killed Duvessa
  3584 | D:4      | Killed Dowan
  3584 | D:4      | Reached XP level 7. HP: 24/34 MP: 8/8
  4427 | D:4      | Noticed Edmund
  4472 | D:4      | Killed Edmund
  4665 | D:4      | Noticed Sigmund
  5092 | D:4      | Killed Sigmund
  5092 | D:4      | Gained mutation: You have razor-sharp teeth. [Vine Stalker growth]
  5092 | D:4      | Reached XP level 8. HP: 30/38 MP: 9/9
  5530 | D:5      | Entered Level 5 of the Dungeon
  5530 | D:5      | Noticed Blork the orc
  5533 | D:5      | Killed Blork the orc
  5649 | D:5      | Found a glowing golden altar of the Shining One.
  5656 | D:5      | Noticed Grinder
  5733 | D:5      | Paralysed by Grinder for 5 turns
  5756 | D:5      | Killed Grinder
  5800 | D:5      | Found a white marble altar of Elyvilon.
  5900 | D:5      | Reached skill level 10 in Short Blades
  6145 | D:5      | Reached XP level 9. HP: 42/42 MP: 10/10
  6272 | D:6      | Found a staircase to the Ecumenical Temple.
  6349 | Temple   | Entered the Ecumenical Temple
  6507 | Temple   | Became a worshipper of Dithmenos the Shadowed
  7207 | D:7      | Found a runed door.
  7368 | D:7      | Reached * piety under Dithmenos
  7377 | D:7      | Found a basalt altar of Yredelemnul.
  7872 | D:7      | Reached XP level 10. HP: 42/46 MP: 11/11
  8452 | D:7      | Reached skill level 5 in Stealth
  8553 | D:8      | Found a shimmering altar of Xom.
  8554 | D:8      | Found a shimmering altar of Xom.
  8555 | D:8      | Found a shimmering altar of Xom.
  8556 | D:8      | Found a shimmering altar of Xom.
  8556 | D:8      | Found a shimmering altar of Xom.
  8556 | D:8      | Found a shimmering altar of Xom.
  8559 | D:8      | Found a shimmering altar of Xom.
  8571 | D:8      | Reached ** piety under Dithmenos
  8593 | D:8      | Found a shimmering altar of Xom.
  8599 | D:8      | Found a shimmering altar of Xom.
  8599 | D:8      | Found a shimmering altar of Xom.
  8646 | D:8      | Noticed Charly's ghost (amateur CeMo)
  8665 | D:8      | Killed Charly's ghost
  8857 | D:8      | Reached skill level 6 in Stealth
  8890 | D:8      | Found Hipt's Assorted Antiques.
  8909 | D:8      | Bought a runed scarf for 200 gold pieces
  8909 | D:8      | Bought a scroll labeled QYISMU UZUETSO for 25 gold pieces
  9289 | D:8      | Reached *** piety under Dithmenos
  9627 | D:9      | Reached skill level 7 in Stealth
  9692 | D:9      | Found a sacrificial altar of Ru.
  9704 | D:9      | Noticed Maurice
  9708 | D:9      | Killed Maurice
  9749 | D:9      | Noticed a two-headed ogre
  9792 | D:9      | Killed a two-headed ogre
  9792 | D:9      | Reached skill level 8 in Stealth
  9906 | D:9      | Reached XP level 11. HP: 54/54 MP: 12/12
 10236 | D:10     | Entered Level 10 of the Dungeon
 10342 | D:10     | Learned a level 3 spell: Regeneration
 10388 | D:10     | Found Rumeas's Armour Shop.
 10831 | D:10     | Reached **** piety under Dithmenos
 10831 | D:10     | Reached skill level 1 in Charms
 10834 | D:10     | Found a blossoming altar of Fedhas.
 10838 | D:10     | Noticed an oklob plant
 11153 | D:10     | Found Loramise's Weapon Emporium.
 11170 | D:11     | Found a staircase to the Lair.
 11601 | D:11     | Noticed Erolcha
 11610 | D:11     | Killed Erolcha
 11736 | D:11     | Noticed a cyclops
 11780 | D:11     | Killed a cyclops
 11847 | D:11     | Noticed an orange crystal statue
 11926 | D:11     | Noticed a purple ugly thing
 12203 | D:11     | Noticed a brown ugly thing
 12218 | D:11     | Killed a brown ugly thing
 12486 | D:11     | Found a staircase to the Orcish Mines.
 12570 | D:11     | Reached skill level 5 in Charms
 12782 | D:10     | Noticed a manticore
 12790 | D:10     | Killed a manticore
 13126 | Lair:1   | Entered Level 1 of the Lair of Beasts
 13226 | Lair:1   | Gained mutation: You heal very quickly. [Vine Stalker growth]
 13226 | Lair:1   | Reached XP level 12. HP: 35/59 MP: 13/13
 13342 | Lair:1   | Reached ***** piety under Dithmenos
 13395 | Lair:1   | Noticed Gastronok
 13415 | Lair:1   | Killed Gastronok
 13866 | Lair:1   | Found a blossoming altar of Fedhas.
 14328 | D:10     | Bought the +3 salamander hide armour {+Rage rF++} for 540 gold pieces
 14638 | Lair:2   | Reached skill level 5 in Fighting
 14740 | Lair:2   | Reached skill level 1 in Armour
 14816 | Lair:2   | Found a hole to the Spider Nest.
 15251 | Lair:3   | Reached skill level 9 in Stealth
 15455 | Lair:3   | Noticed a five-headed hydra
 15463 | Lair:3   | Killed a five-headed hydra
 15564 | Lair:3   | Reached skill level 1 in Evocations
 16033 | Lair:3   | Reached skill level 5 in Evocations
 16033 | Lair:3   | Reached XP level 13. HP: 39/64 MP: 17/17
 16947 | Lair:4   | Found a staircase to the Shoals.
 17612 | Lair:5   | Found a viscous altar of Jiyva.
 17612 | Lair:5   | Found a staircase to the Slime Pits.
 18441 | Lair:6   | Entered Level 6 of the Lair of Beasts
 19575 | Lair:6   | Reached skill level 5 in Armour
 19596 | Lair:6   | Reached skill level 1 in Dodging
 19661 | Lair:6   | HP: 3/65 [seven-headed hydra (7)]
 20143 | Lair:6   | Reached XP level 14. HP: 25/70 MP: 13/21
 20528 | Orc:1    | Entered Level 1 of the Orcish Mines
 20623 | Orc:2    | Entered Level 2 of the Orcish Mines
 20626 | Orc:2    | Found a staircase to the Elven Halls.
 20918 | Orc:1    | Noticed Urug
 21037 | Orc:1    | Noticed an orc warlord
 21214 | Orc:1    | Killed Urug
 21214 | Orc:1    | Reached skill level 10 in Stealth
 21548 | Orc:1    | Killed an orc warlord
 22047 | Orc:1    | Reached skill level 5 in Dodging
 22152 | Orc:1    | Found a roughly hewn altar of Beogh.
 22529 | Orc:2    | Found Kuozykam's Weapon Shop.
 22529 | Orc:2    | Found Jiah's Distillery.
 22529 | Orc:2    | Found Lothrum's Armour Boutique.
 22582 | Orc:2    | Noticed Saint Roka
 22748 | Orc:2    | Found Oruuc's General Store.
 22759 | Orc:2    | Bought a scroll of teleportation for 51 gold pieces
 22763 | Orc:2    | Bought a +1 pair of gloves for 195 gold pieces
 22990 | Orc:2    | Found a roughly hewn altar of Beogh.
 23325 | Orc:2    | Killed Saint Roka
 23325 | Orc:2    | Reached skill level 11 in Stealth
 23564 | D:12     | Found a flickering gateway to a bazaar.
 23602 | Bazaar   | Entered a bazaar
 23616 | Bazaar   | Found Qeusor's Weapon Emporium.
 23617 | Bazaar   | Found Raiqu's Food Emporium.
 23665 | Bazaar   | Found Qaegod's Distillery.
 23665 | Bazaar   | Found Suffiunk's Food Shoppe.
 23695 | Bazaar   | Bought a potion of curing for 21 gold pieces
 23695 | Bazaar   | Bought a potion of might for 28 gold pieces
 24648 | D:13     | Reached ****** piety under Dithmenos
 24686 | D:13     | Reached XP level 15. HP: 46/75 MP: 8/22
 24791 | D:13     | Reached skill level 12 in Stealth
 25361 | D:13     | Got a translucent scale mail
 25372 | D:13     | Identified the +4 scale mail of Agraschyn {rF+} (You found it on level 13 of the Dungeon)
 25520 | D:13     | Noticed a frost giant
 25565 | D:13     | Killed a frost giant
 26369 | D:14     | Noticed Louise
 26372 | D:14     | Killed Louise
 26496 | D:14     | Reached skill level 13 in Stealth
 26528 | D:14     | Noticed Nessos
 26530 | D:14     | Killed Nessos
 26541 | D:14     | Noticed Snorg
 26555 | D:14     | Killed Snorg
 26582 | D:15     | Entered Level 15 of the Dungeon
 27356 | D:14     | Found a gate to the Vaults.
 27838 | D:15     | Reached XP level 16. HP: 84/84 MP: 21/23
 27991 | D:15     | Found Daness's Antique Weapon Shoppe.
 28022 | D:15     | Reached skill level 5 in Throwing
 28572 | D:15     | Found a staircase to the Depths.
 28695 | D:15     | Reached skill level 14 in Stealth
 29314 | Shoals:1 | Entered Level 1 of the Shoals
 30723 | Shoals:1 | Reached skill level 10 in Fighting
 31268 | Shoals:2 | Reached skill level 10 in Armour
 31434 | Shoals:2 | Noticed Polyphemus
 31450 | Shoals:2 | HP: 4/85 [poisoned by a sea snake]
 31932 | Shoals:1 | Reached skill level 15 in Stealth
 32455 | Shoals:2 | Reached XP level 17. HP: 81/90 MP: 22/24
 32959 | Shoals:2 | Reached skill level 1 in Spellcasting
 33403 | Shoals:2 | Killed Polyphemus
 33690 | Shoals:3 | Found an iron altar of Okawaru.
 33952 | Shoals:3 | Noticed Kirke
 33983 | Shoals:2 | Killed Kirke
 34054 | Shoals:3 | Reached skill level 16 in Stealth
 34054 | Shoals:3 | Reached skill level 10 in Charms
 34096 | Shoals:3 | Noticed Ilsuiw
 34344 | Shoals:3 | Killed Ilsuiw
 34355 | Shoals:3 | Cast into level 3 of the Abyss (faun)
 34427 | Abyss:3  | Found a shadowy altar of Dithmenos.
 34509 | Abyss:3  | Noticed a tentacled starspawn
 34523 | Abyss:3  | Killed a tentacled starspawn
 34567 | Abyss:3  | Noticed a lich
 34626 | Abyss:3  | Noticed a tentacled starspawn
 34769 | Abyss:3  | Noticed a lich
 34781 | Abyss:3  | Killed a lich
 34828 | Abyss:3  | Noticed a tentacled starspawn
 34858 | Abyss:3  | Noticed a tentacled starspawn
 34878 | Abyss:3  | Killed a tentacled starspawn
 34878 | Abyss:3  | Reached skill level 5 in Spellcasting
 34986 | Shoals:3 | Escaped the Abyss
 35027 | Shoals:3 | HP: 4/90 [satyr/arrow (22)]
 35028 | Shoals:3 | Shot with an arrow by a satyr

Vault maps used:
D:1:      eino_arrival_cavern_b, st_stairs_10
D:2:      led_sif_pool, kennysheep_jessica_study, uniq_terence
D:3:      minmay_diamond_boxcup, okawaru_gym_becter, first_bread,
          minmay_ruptured
D:4:      cheibrodos_helix_gallery, uniq_sigmund, uniq_duvessa, uniq_edmund
D:5:      nicolae_overflow_crystal_walls, kennysheep_mini_moat, uniq_grinder,
          uniq_blork_the_orc
D:6:      minmay_temple_entry_large_hall
D:7:      dk_yredelemnul_ordeal
D:8:      xom_redecorated, serial_shops, shop
D:9:      nicolae_ru_sacrificial_ziggurat, uniq_maurice
D:10:     serial_shops, shop_fountains, kennysheep_little_box,
          hangedman_fish_farm, introduction_to_nature_2
D:11:     lair_entry_dummy, david_orc_4, portal_ice_cave_entry_pillars_2,
          minmay_protected_statue, uniq_erolcha
D:12:     serial_shops, bzr_entry_gold
D:13:     kennysheep_green_arena
D:14:     minmay_blocky_corners, david_vaults_4, minmay_misc_feat_more_columns,
          kennysheep_generic_room_4, uniq_louise, uniq_snorg, uniq_nessos
D:15:     grunt_enter_depths_snipers, serial_shops, shop, solitary_fountain,
          serial_co_window_serial, co_window_of_opportunity_a,
          co_window_paths_a, co_window_of_opportunity_a, co_window_paths_a,
          co_window_cross_1, co_window_corner_a, co_window_corner_a,
          co_window_corner_ca, co_window_corner_cb, co_window_cross_4,
          co_window_unsneaky_path_c, glass_columns_b, glass_columns_b,
          glass_columns_a, glass_columns_a, glass_columns_b
Temple:   nicolae_temple_elliptical
Lair:1:   tgw_fedhas, uniq_gastronok
Lair:2:   nicolae_spider_entry_orb_guardian, st_stairs_11,
          infiniplex_staircase_pool, lemuel_fruit_tree, serial_bayou_shore_b
Lair:3:   grunt_megastairs_1, lemuel_fruit_fields
Lair:4:   shoals_dummy_entry, kennysheep_catoblepas_arena
Lair:5:   slime_altar_1, columned_hall_lemuel, serial_bayou_shore_a,
          grunt_megastairs_3
Lair:6:   grunt_lair_end_beastmaster, serial_bayou_lake_a
Shoals:1: nicolae_shoals_flooded_hall
Shoals:2: cheibrodos_shoals_oceanic_diplomacy, nicolae_shoals_aquamancer_cove,
          uniq_polyphemus
Shoals:3: lemuel_oklob_altar, uniq_kirke, uniq_ilsuiw
Orc:1:    orc_temple, uniq_urug
Orc:2:    st_orc_mages, basic_altar, uniq_saint_roka
Abyss:3:  evilmike_abyss_exit_glass
Bazaar:   grunt_bazaar_doublecross

Skill      XL: |  1  2  3  4  5  6  7  8  9 10 11 12 13 14 15 16 17 |
---------------+----------------------------------------------------+-----
Short Blades   | 2 3 4 5 6 8 10 11 12 13 14 | 14.3
Shields        | 3 4 |  4.0
Fighting       | 4 5 6 7 9 10 | 10.7
Stealth        | 8 9 11 13 15 16 | 16.3
Charms         | 6 8 10 | 10.6
Armour         | 2 5 7 9 10 | 10.4
Evocations     | 5 8 |  8.2
Dodging        | 3 6 |  6.6
Throwing       | 4 6 |  6.9
Spellcasting   | 5 |  5.0

Action                   |  1- 3 |  4- 6 |  7- 9 | 10-12 | 13-15 | 16-18 || total
-------------------------+-------+-------+-------+-------+-------+-------++-------
Melee: Dagger            |    59 |   234 |       |       |       |       ||   293
       Bite              |     9 |    67 |   130 |   390 |   757 |   655 ||  2008
       Rapier            |       |       |   316 |   869 |  1665 |  1325 ||  4175
       Quick blade       |       |       |       |       |    26 |       ||    26
 Fire: Blowgun           |     1 |     2 |     4 |     7 |       |       ||    14
Throw: Throwing net      |       |       |       |     1 |       |       ||     1
       Javelin           |       |       |       |     4 |    28 |     3 ||    35
 Cast: Regeneration      |       |       |       |    10 |    37 |    22 ||    69
Invok: Shadow Step       |       |       |       |     1 |     7 |     2 ||    10
 Abil: Evoke Flight      |       |       |       |       |       |    28 ||    28
Evoke: Wand              |       |       |       |     4 |     6 |     2 ||    12
       Box of beasts     |       |       |       |       |       |     1 ||     1
  Use: Scroll            |       |     4 |     7 |    19 |     7 |     9 ||    46
       Potion            |       |     1 |     1 |     1 |     2 |     5 ||    10
 Stab: Sleeping          |     6 |    19 |    10 |    32 |    74 |    16 ||   157
       Distracted        |     1 |     1 |     2 |     6 |     8 |    16 ||    34
  Eat: Chunk             |       |     8 |    14 |    27 |    43 |    22 ||   114
       Fruit             |       |       |       |       |     6 |     6 ||    12
       Meat ration       |       |       |       |       |       |     1 ||     1
Armor: Robe              |    19 |    25 |    41 |    49 |       |       ||   134
       Skin              |       |     6 |       |       |       |       ||     6
       Leather armour    |       |       |       |    20 |   249 |    83 ||   352
       Shadow dragon sca |       |       |       |       |       |   346 ||   346
Dodge: Dodged            |    37 |    84 |   113 |   252 |   621 |   704 ||  1811
Block: Buckler           |       |       |    30 |   133 |   298 |   452 ||   913
